 Dungeon Crawl Stone Soup version 0.29-a0-398-ge13fd1374b (console) character file.

Game seed: 2964938400436927667

1449 om the Magician (level 9, -2/60 HPs)
             Began as a Djinni Venom Mage on May 12, 2022.
             Slain by a wight
             ... wielding a +0 morningstar
              (11 damage)
             ... on level 5 of the Dungeon.
             The game lasted 00:20:53 (7414 turns).

om the Magician (Djinni Venom Mage)                 Turns: 7414, Time: 00:20:53

Health: -2/60      AC:  6    Str:  9    XL:     9   Next: 4%
Gold:   283        EV: 14    Int: 18    God:
                   SH:  0    Dex: 15

rFire   + + .      SeeInvis .   v - +0 trident (vamp)
rCold   x . .      Faith    .   (no shield)
rNeg    . . .      Spirit   .   a - +0 robe
rPois   ∞          Reflect  .   (no helmet)
rElec   .          Harm     .   d - +0 cloak
rCorr   .          Rampage  .   j - +2 pair of gloves
Will    .....                   (boots unavailable)
Stlth   +++.......              (no amulet)
HPRegen 0.20/turn               (no ring)
MPRegen 0.00/turn               (no ring)

@: flying
A: sickness immunity, fire resistance 2, cold vulnerability 1, float, innate
caster, HP casting, extra vitality 1
a: no special abilities


You were on level 5 of the Dungeon.
You visited 2 branches of the dungeon, and saw 7 of its levels.

You collected 283 gold pieces.

Inventory:

Hand Weapons
 g - a +2 dagger of protection
 p - a +2 war axe of venom
 v - a +0 vampiric trident (weapon)
Armour
 a - a +0 robe (worn)
 d - a +0 cloak (worn)
 j - a +2 pair of gloves (worn)
Scrolls
 c - 3 scrolls of teleportation
 f - a scroll of silence {unknown}
 h - 3 scrolls of fear {unknown}
 i - a scroll of noise
 k - 2 scrolls of blinking
 m - a scroll of poison {unknown}
 n - a scroll of amnesia {unknown}
 t - a scroll of enchant weapon {unknown}
 u - 2 scrolls of identify
Potions
 e - a potion of might {unknown}
 l - a potion of cancellation {unknown}
 o - a potion of resistance
 q - a potion of heal wounds {unknown}
 r - 2 potions of attraction {unknown}
 s - a potion of degeneration {unknown}
 w - a potion of invisibility {unknown}
 x - a potion of flight {unknown}


   Skills:
 - Level 3.0 Fighting
 + Level 5.8 Dodging
 + Level 4.7 Stealth
 * Level 6.0 Spellcasting


You had one spell level left.
You knew the following spells:

 Your Spells              Type           Power      Damage    Failure   Level
a - Sting                 Tmut/Pois      100%       1d8       1%          1
b - Poisonous Vapours     Pois/Air       54%        N/A       1%          2
c - Mephitic Cloud        Conj/Pois/Air  27%        N/A       3%          3
d - Olgreb's Toxic Radia  Pois           27%        N/A       10%         4
e - Shock                 Conj/Air       100%       1d9       1%          1
f - Corpse Rot            Necr/Air       54%        N/A       1%          2
g - Vampiric Draining     Necr           27%        2d7       3%          3
h - Portal Projectile     Hex/Tloc       54%        N/A       3%          3
Your spell library was empty.

Dungeon Overview and Level Annotations

Branches:
Dungeon (6/15)             Temple (1/1) D:4

Altars:
Ashenzari
Gozag
Kikubaaqudgha
Nemelex Xobeh
Okawaru
Qazlal
Ru
Sif Muna
Trog
Uskayaw
Vehumet
Wu Jian
Xom
Yredelemnul
Zin
The Shining One

Shops:
D:5 =

Annotations:
D:6 Sigmund


Innate Abilities, Weirdness & Mutations

You are immune to sickness and miasma.
You are immune to poison.
Your flesh is very heat resistant. (rF++)
You are vulnerable to cold. (rC-)
You float through the air rather than walking.
You learn spells naturally, not from books.
Your magical power is your life essence.
You have superior vitality. (+4 MHP)


Message History

The zap misses the wight.
The zap hits the wight.
The wight is moderately damaged.
* * * LOW HITPOINT WARNING * * *
The wight hits you with a +0 morningstar!
* * * LOW HITPOINT WARNING * * *
Casting: Shock (safe; 1% risk of failure)
Confirm with . or Enter, or press ? or * to list all spells.
Aiming: Shock (safe; 1% risk of failure)
Press: ? - help, Shift-Dir - straight line, f - wight
Aim: a wight, wielding a +0 morningstar and wearing a +0 robe (74% to hit)
The zap hits the wight but does no damage.
The zap hits the wight.
The wight is heavily damaged.
* * * LOW HITPOINT WARNING * * *
The wight misses you.
Casting: Shock (safe; 1% risk of failure)
Confirm with . or Enter, or press ? or * to list all spells.
Aiming: Shock (safe; 1% risk of failure)
Press: ? - help, Shift-Dir - straight line, f - wight
Aim: a wight, wielding a +0 morningstar and wearing a +0 robe (74% to hit)
The zap hits the wight but does no damage.
The zap misses the wight.
* * * LOW HITPOINT WARNING * * *
The wight barely misses you.
Casting: Shock (safe; 1% risk of failure)
Confirm with . or Enter, or press ? or * to list all spells.
Aiming: Shock (safe; 1% risk of failure)
Press: ? - help, Shift-Dir - straight line, f - wight
Aim: a wight, wielding a +0 morningstar and wearing a +0 robe (74% to hit)
The zap misses the wight. x2
* * * LOW HITPOINT WARNING * * *
The wight hits you with a +0 morningstar.
* * * LOW HITPOINT WARNING * * *
You closely miss the wight. The wight misses you.
The wight attacks as you move away!
The wight hits you with a +0 morningstar.
* * * LOW HITPOINT WARNING * * *
You feel better.
The wight hits you with a +0 morningstar!
You die...

##.##.#...###.##..# #.#
#.....#...# #..#..###.#
#..#####..###.........#
#..# #......##..##### #..#
#.##.####.#######
#..#####.##.# #.......#
#...........# #.#####.####
#...####.#######.##...†...#
#........zz@..##.##.......#
#.>?.....####.##.##.......#
#..[########...#.##.......#
#...# #####:###..##.......#
#...# #.....# #..##.......#
#...###.###.###.###.......#
#.......# ##...## ######.##
#..###### ##.## #.# #....##
#.# #.#


You could see 2 wights.

Vanquished Creatures
  A water moccasin (D:5)
  An ice beast (D:5)
  5 necrophages
  2 scorpions (D:5)
  A gnoll sergeant (D:5)
  2 wights (D:5)
  2 howler monkeys
  An orc priest (D:6)
  3 hounds
  A gnoll shaman (D:5)
  2 iguanas (D:5)
  4 orc wizards
  9 gnolls (D:5)
  11 adders
  3 worms (D:2)
  3 dart slugs
  21 orcs
  5 bats
  4 endoplasms
  2 giant cockroaches (D:3)
  4 goblins
  7 hobgoblins
  2 jackals (D:3)
  4 kobolds
  3 quokkas
  5 ball pythons
  3 rats
111 creatures vanquished.

Vanquished Creatures (collateral kills)
  An orc (D:3)
1 creature vanquished.

Grand Total: 112 creatures vanquished

Notes
Turn   | Place    | Note
-------+----------+-------------------------------------------
     0 | D:1      | om the Djinni Venom Mage began the quest for the Orb.
     0 | D:1      | Reached XP level 1. HP: 15/15 MP: 0/0
    96 | D:1      | Reached XP level 2. HP: 17/21 MP: 0/0
   723 | D:1      | Reached XP level 3. HP: 10/25 MP: 0/0
   723 | D:1      | Learned a level 1 spell: Shock
   957 | D:2      | Found a faded altar of an unknown god.
  1089 | D:2      | Reached skill level 3 in Spellcasting
  1222 | D:2      | Reached XP level 4. HP: 24/31 MP: 0/0
  1530 | D:2      | Reached XP level 5. HP: 32/35 MP: 0/0
  1530 | D:2      | Learned a level 2 spell: Corpse Rot
  2661 | D:3      | Reached XP level 6. HP: 27/41 MP: 0/0
  2918 | D:3      | Reached skill level 1 in Fighting
  2918 | D:3      | Reached skill level 4 in Spellcasting
  3973 | D:4      | Found a basalt altar of Yredelemnul.
  4002 | D:4      | Found a staircase to the Ecumenical Temple.
  4237 | Temple   | Entered the Ecumenical Temple
  5009 | D:5      | Entered Level 5 of the Dungeon
  5054 | D:5      | Reached XP level 7. HP: 34/48 MP: 0/0
  5054 | D:5      | Learned a level 3 spell: Vampiric Draining
  5429 | D:5      | Reached XP level 8. HP: 9/55 MP: 0/0
  5756 | D:5      | Reached skill level 5 in Spellcasting
  6020 | D:5      | Reached skill level 5 in Dodging
  6448 | D:5      | Found Waavaligh's Jewellery Emporium.
  6553 | D:6      | Noticed Sigmund
  7174 | D:5      | Reached XP level 9. HP: 44/60 MP: 0/0
  7174 | D:5      | Learned a level 3 spell: Portal Projectile
  7181 | D:5      | Reached skill level 6 in Spellcasting
  7411 | D:5      | HP: 2/60 [wight/+0 morningstar (1)]
  7414 | D:5      | Slain by a wight

Illustrated notes

Levels and vault maps discovered:
D:1:      ncdulo_lavacross, layout_basic, nicolae_figureground_pulse
D:2:      layout_loops_ring, shapermc_ecumenical_altar_acropolis
D:3:      layout_basic, kennysheep_generic_room_14
D:4:      layout_cave_pods, lemuel_doored_altar,
          minmay_temple_entry_statues_fountains
D:5:      layout_loops_ring, serial_shops, kennysheep_mini_moat
D:6:      layout_cave_pools, elyvilon_altar_3, gup_sewer_entry_bubbles,
          uniq_sigmund
Temple:   regret_index_temple_waves

Skill      XL: |  1  2  3  4  5  6  7  8  9 |
---------------+----------------------------+-----
Stealth        | 2 3 4 |  4.7
Spellcasting   | 3 4 5 6 |  6.0
Dodging        | 3 4 5 |  5.8
Fighting       | 1 2 3 |  3.0

Action                   |  1- 3 |  4- 6 |  7- 9 || total
-------------------------+-------+-------+-------++-------
Melee: Unarmed           |     1 |       |       ||     1
       Dagger            |    13 |   114 |    15 ||   142
       Hand axe          |     1 |       |       ||     1
       Punch             |       |     4 |     1 ||     5
       Trident           |       |       |    28 ||    28
 Cast: Sting             |    21 |    33 |    16 ||    70
       Shock             |       |    29 |    32 ||    61
       Olgreb's Toxic Ra |       |     5 |    14 ||    19
       Corpse Rot        |       |     2 |       ||     2
       Vampiric Draining |       |       |    19 ||    19
       Poisonous Vapours |       |       |     3 ||     3
       Mephitic Cloud    |       |       |     1 ||     1
  Use: Scroll            |       |     7 |       ||     7
       Potion            |       |       |     3 ||     3
 Stab: Sleeping          |     1 |     8 |       ||     9
       Distracted        |       |       |     2 ||     2
Armor: Robe              |    12 |    43 |    43 ||    98
Dodge: Dodged            |    25 |    88 |   111 ||   224

Table legend: (Time is in decaauts)
 A = Elapsed time spent in this place.
 B = Non-inter-level travel time spent in this place.
 C = Inter-level travel time spent in this place.
 D = Time resting spent in this place.
 E = Time spent auto-exploring this place.
 F = Levels seen in this place.
 G = Mean time per level.
                   A        B        C        D        E       F      G
               +--------+--------+--------+--------+--------+-----+--------+
         Total |   7428 |   7199 |    229 |   2529 |   3685 |   7 | 1061.1 |
       Dungeon |   7280 |   7071 |    209 |   2529 |   3571 |   6 | 1213.3 |
        Temple |    147 |    128 |     19 |      0 |    114 |   1 |  147.0 |
               +--------+--------+--------+--------+--------+-----+--------+

Top non-repeatable levels by time:
     D:5: 2368 daAuts
     D:3: 1421 daAuts
     D:2: 1364 daAuts
     D:4: 1169 daAuts
     D:1: 908 daAuts
  Temple: 147 daAuts
     D:6: 49 daAuts
